 Dungeon Crawl Stone Soup version 0.29-a0-1043-g569b05d6ff (webtiles) character file.

Game seed: 4321006666800112729

2 xian the Trooper (level 1, -2/18 HPs)
             Began as a Demonspawn Abyssal Knight on Aug 15, 2022.
             Was a Believer of Lugonu.
             Slain by a hobgoblin (4 damage)
             ... on level 1 of the Dungeon.
             The game lasted 00:00:24 (27 turns).

xian the Trooper (Demonspawn Abyssal Knight)          Turns: 27, Time: 00:00:24

Health: -2/18      AC:  3    Str: 13    XL:     1   Next: 33%
Magic:  2/2        EV: 11    Int: 11    God:    Lugonu [**....]
Gold:   0          SH:  0    Dex: 13    Spells: 0/0 levels left

rFire   . . .      SeeInvis .   a - +1 hand axe
rCold   . . .      Faith    .   (no shield)
rNeg    . . .      Spirit   .   b - +0 leather armour
rPois   .          Reflect  .   (no helmet)
rElec   .          Harm     .   (no cloak)
rCorr   .          Rampage  .   (no gloves)
Will    .....                   (no boots)
Stlth   +.........              (no amulet)
HPRegen 0.06/turn               (no ring)
MPRegen 0.08/turn               (no ring)

@: no status effects
A: no striking features
a: Renounce Religion, Depart the Abyss, Bend Space


You were on level 1 of the Dungeon.
You worshipped Lugonu.
Lugonu was pleased with you.
You visited 1 branch of the dungeon, and saw 1 of its levels.
You visited the Abyss 1 time.

Inventory:

Hand Weapons
 a - a +1 hand axe (weapon)
Armour
 b - a +0 leather armour (worn)


   Skills:
 + Level 3.1 Fighting
 + Level 1.9 Axes
 + Level 1.7 Armour
 + Level 0.8 Dodging
 + Level 2.4 Invocations


You couldn't memorise any spells.
You didn't know any spells.
Your spell library was empty.

Dungeon Overview and Level Annotations

Branches:
Dungeon (1/15)

Altars:


Message History

The jackal bites you.
Unknown command.
You hit the jackal.
You kill the jackal!
Lugonu accepts your kill.
You closely miss the jackal. You barely miss the hobgoblin.
The jackal barely misses you.
The hobgoblin hits you but does no damage.
The jackal barely misses you. The hobgoblin hits you.
The jackal bites you but does no damage.
The kobold hits you with a +0 whip.
The hobgoblin hits you but does no damage.
Unknown command.
You closely miss the jackal. You hit the hobgoblin but do no damage.
You hit the kobold. The jackal bites you. The jackal closely misses you.
The kobold hits you with a +0 whip. The hobgoblin barely misses you.
Unknown command.
You barely miss the jackal. You hit the kobold.
You hit the hobgoblin but do no damage. The jackal bites you.
* * * LOW HITPOINT WARNING * * *
The kobold closely misses you. The hobgoblin hits you.
* * * LOW HITPOINT WARNING * * *
Unknown command.
Unknown command.
The jackal bites you.
* * * LOW HITPOINT WARNING * * *
The hobgoblin closely misses you. The jackal closely misses you.
There is a huge open gate here.
You barely miss the kobold.
The kobold is severely wounded.
You hit the jackal. You barely miss the hobgoblin.
The jackal bites you but does no damage.
The kobold hits you but does no damage.
The hobgoblin hits you but does no damage.
Unknown command.
You closely miss the kobold.
The kobold is severely wounded.
You hit the hobgoblin. You hit the jackal. The jackal closely misses you.
The hobgoblin hits you.
You die...

##...........#
##........(....
.#.............#
..............
...).........
.#.........#
...........#.#
[......gKh...#
.##''''@##...#
###.......###...
#...........# .
#...........#
######'''#######
g#...........#o#
##..8.###.8..###
≈.............≈#
≈......(......≈#


You could see a jackal, a hobgoblin and a kobold.

Vanquished Creatures
  2 jackals (D:1)
2 creatures vanquished.

Notes
Turn   | Place    | Note
-------+----------+-------------------------------------------
     0 | Abyss:1  | xian the Demonspawn Abyssal Knight began the quest for the
                  | Orb.
     0 | Abyss:1  | Reached XP level 1. HP: 18/18 MP: 2/2
     1 | D:1      | Escaped the Abyss
    27 | D:1      | Slain by a hobgoblin

Illustrated notes

Levels and vault maps discovered:
D:1:      lordsloth_arrival_two_stooges, layout_rooms,
          chequers_serial_rivers_small_b

Action                   || total
-------------------------++-------
Melee: Hand axe          ||     9
Armor: Leather armour    ||     6
Dodge: Dodged            ||    19

Table legend: (Time is in decaauts)
 A = Elapsed time spent in this place.
 B = Non-inter-level travel time spent in this place.
 C = Inter-level travel time spent in this place.
 D = Time resting spent in this place.
 E = Time spent auto-exploring this place.
 F = Levels seen in this place.
 G = Mean time per level.
                   A        B        C        D        E       F      G
               +--------+--------+--------+--------+--------+-----+--------+
         Total |     28 |     28 |      0 |      0 |     12 |   2 |   14.0 |
       Dungeon |     27 |     27 |      0 |      0 |     12 |   1 |   27.0 |
         Abyss |      1 |      1 |      0 |      0 |      0 |   1 |    1.0 |
               +--------+--------+--------+--------+--------+-----+--------+

Top non-repeatable levels by time:
     D:1: 27 daAuts
 Abyss:1: 1 daAuts
